 Dungeon Crawl Stone Soup version 0.21.0-25-ge575cb9 (webtiles) character file.

42551 JeffiDaFish the Nimble (level 13, -5/118 HPs)
             Began as a Minotaur Fighter on Jan 24, 2018.
             Was the Champion of Okawaru.
             Slain by a tyrant leech (13 damage)
             ... on level 5 of the Lair of Beasts.
             The game lasted 00:36:01 (13512 turns).

JeffiDaFish the Nimble (Minotaur Fighter)          Turns: 13512, Time: 00:36:02

Health: -5/118     AC: 20    Str: 21    XL:     13   Next: 86%
Magic:  7/9        EV: 19    Int:  5    God:    Okawaru [******]
Gold:   906        SH:  8    Dex: 15    Spells: 19/20 levels left

rFire    + + +     SeeInvis .   i - +10 morningstar "Eos" {elec, Halo rElec}
rCold    + . .     Gourm    .   c - +3 buckler
rNeg     . . .     Faith    .   b - +1 chain mail {rF+}
rPois    +         Spirit   .   v - +1 hat "Tyfecoll" {rPois rF++ rCorr MP-9}
rElec    +         Reflect  .   u - +1 cloak of Starlight {rElec rC+ EV+4 Stlth--}
rCorr    +         Harm     .   (no gloves)
MR       .....                  s - +2 pair of boots
Stlth    ..........             (no amulet)
HPRegen  0.29/turn              g - ring of resist corrosion
MPRegen  0.11/turn              (no ring)

@: glowing
A: retaliatory headbutt, horns 2
a: Heroism, Finesse, Renounce Religion


You were on level 5 of the Lair of Beasts.
You worshipped Okawaru.
Okawaru was exalted by your worship.
You were not hungry.

You visited 2 branches of the dungeon, and saw 14 of its levels.
You also visited: Volcano.

You collected 906 gold pieces.

Inventory:

Hand Weapons
 i - the +10 morningstar "Eos" (weapon) {elec, Halo rElec}
   (You found it on level 4 of the Dungeon)

   Occasionally, upon striking a foe, it will discharge some electrical energy
   and cause terrible harm.
   It insulates you from electricity.
 k - a +2 broad axe of freezing
Armour
 b - a +1 chain mail of fire resistance (worn)
 c - a +3 buckler (worn)
 s - a +2 pair of boots (worn)
 u - the +1 cloak of Starlight (worn) {rElec rC+ EV+4 Stlth--}
   (Okawaru gifted it to you on level 4 of the Lair of Beasts)

   It affects your evasion (+4).
   It protects you from cold.
   It insulates you from electricity.
   It makes you much less stealthy.
 v - the +1 hat "Tyfecoll" (worn) {rPois rF++ rCorr MP-9}
   (Okawaru gifted it to you on level 2 of the Lair of Beasts)

   It greatly protects you from fire.
   It protects you from poison.
   It affects your magic capacity (-9).
   It protects you from acid and corrosion.
Jewellery
 g - a ring of resist corrosion (left hand)
Wands
 m - a wand of iceblast (18)
Scrolls
 d - 5 scrolls of identify
 e - 9 scrolls of remove curse
 h - 4 scrolls of teleportation
 n - a scroll of blinking
Potions
 o - 2 potions of curing
 p - a potion of heal wounds
 q - 2 potions of might
 r - 2 potions of agility
 w - 3 potions of resistance
Books
 l - Isus Xes's Beginning Course on Thaumaturgy
   (You found it on level 5 of the Dungeon)

   Spells                             Type                      Level
   a - Infusion                       Charms                       1
   b - Magic Dart                     Conjuration                  1
   c - Sandblast                      Earth                        1
   d - Confusing Touch                Hexes                        1
   e - Pain                           Necromancy                   1
Comestibles
 a - 2 chunks of flesh
 f - 19 rations


   Skills:
 + Level 12.1 Fighting
 - Level 5.3(9.7) Axes
 + Level 12.3(12.7) Maces & Flails
 + Level 12.0 Armour
 + Level 12.9 Dodging
 - Level 4.2 Shields
 + Level 4.1 Spellcasting
 + Level 4.2 Charms
 + Level 7.2 Invocations


You had 19 spell levels left.
You knew the following spells:

 Your Spells              Type           Power        Failure   Level  Hunger
a - Infusion              Chrm           #...         36%         1    ##.....


Dungeon Overview and Level Annotations

Branches:
Dungeon (8/15)             Temple (0/1) D:6            Lair (6/6) D:8
  Swamp (0/4) Lair:3        Snake (0/4) Lair:2
  Slime: Lair:5-6

Altars:
Ashenzari
Cheibriados
Dithmenos
Hepliaklqana
Nemelex Xobeh
Okawaru
Qazlal
Trog
Yredelemnul
The Shining One

Annotations:
Lair:2 exclusion: 2 oklob plants


Innate Abilities, Weirdness & Mutations

You reflexively headbutt those who attack you in melee.
You have a pair of horns on your head.


Message History

You thump the tyrant leech! You headbutt the tyrant leech!
The tyrant leech is heavily wounded.
The tyrant leech barely misses you. You furiously retaliate!
You headbutt the tyrant leech. You puncture the tyrant leech!
The tyrant leech is severely wounded.
The tyrant leech misses you.
You completely miss the tyrant leech.
The tyrant leech is severely wounded.
The tyrant leech bites you!
* * * LOW HITPOINT WARNING * * *
The tyrant leech draws strength from your injuries!
You barely miss the tyrant leech.
The tyrant leech is heavily wounded.
You feel sick.
You are no longer poisoned.
You barely miss the tyrant leech. Your headbutt misses the tyrant leech.
The tyrant leech is heavily wounded.
The tyrant leech bites you!
You die...

##..♣P≈≈♣♣.##.....#
##.♣♣♣≈≈♣........###
#.♣♣♣♣≈≈♣.♣.P#...P.#
♣♣♣♣♣.≈♣♣♣♣♣♣#...P.#
≈♣♣PP≈≈≈♣♣≈P.......#
.≈≈≈≈≈≈.≈≈≈≈..#..###
♣♣≈♣P≈≈≈P♣≈≈♣#...#
♣♣♣♣♣♣≈♣♣♣♣♣♣##†÷#
.P♣♣♣♣.♣♣♣.###.†@#
....♣♣≈≈♣♣.....w.#
....♣♣≈♣♣♣.......##
....♣♣.♣♣.........#
.................P#
.#................#
#.........#.##...###
.........#####.P...#
.+.......P###..#..##


You could see a tyrant leech.

Vanquished Creatures
  The ghost of terra52 the Fighter, a journeyman DgSk (Lair:6)
  7 hydras
  A two-headed ogre (D:8)
  9 death yaks
  Sonja (Lair:3)
  A lindwurm (Lair:5)
  The ghost of nramsey34 the Covert, a novice OpEn of Dithmenos (D:5)
  A toenail golem (Volcano)
  2 elephants (Lair:5)
  2 black mambas
  13 spiny frogs
  3 molten gargoyles (Volcano)
  2 efreet (Volcano)
  2 rime drakes (Lair:3)
  3 komodo dragons
  Grinder (D:5)
  A dream sheep (Lair:5)
  12 blink frogs
  4 hippogriffs
  Sigmund (D:2)
  3 wyverns
  45 yaks
  4 hogs (D:7)
  A basilisk (Lair:3)
  2 humans
  4 fire elementals (Volcano)
  Edmund (D:4)
  3 vampire mosquitoes (Lair:5)
  A naga (Lair:2)
  11 water moccasins
  12 porcupines
  2 orc warriors
  4 phantoms
  2 sky beasts (D:6)
  3 ice beasts
  5 ogres
  7 centaurs
  9 wolves
  10 crocodiles
  The ghost of MetaCosm the Firebug, an amateur DEFE (D:3)
  20 bullfrogs
  2 earth elementals (Volcano)
  A water moccasin zombie (D:6)
  A scorpion (D:7)
  4 wights (D:8)
  7 electric eels
  3 crimson imps
  3 orc priests
  5 hounds
  A jelly (D:7)
  A bullfrog skeleton (D:5)
  2 centaur skeletons
  Crazy Yiuf (D:4)
  4 orc wizards
  2 iguanas
  5 worker ants
  5 hell rats (Lair:5)
  A worker ant zombie (D:7)
  11 gnolls
  14 adders
  2 shadow imps (D:5)
  An ooze (D:2)
  2 adder zombies
  4 dart slugs
  3 worms
  7 leopard geckos
  23 orcs
  5 bats
  5 giant cockroaches
  6 goblins
  6 hobgoblins
  8 jackals
  7 quokkas
  A ball python (D:4)
  7 frilled lizards
  2 jackal skeletons
  6 kobolds
  A kobold zombie (D:8)
  A quokka zombie (D:7)
  6 rats
  A fire vortex (Volcano)
395 creatures vanquished.

Vanquished Creatures (others)
  A fire vortex (Volcano)
  4 fungi
  27 plants
32 creatures vanquished.

Grand Total: 427 creatures vanquished

Notes
Turn   | Place    | Note
-------+----------+-------------------------------------------
     0 | D:1      | JeffiDaFish the Minotaur Fighter began the quest for the Orb.
     0 | D:1      | Reached XP level 1. HP: 19/19 MP: 0/0
   129 | D:1      | Reached XP level 2. HP: 27/27 MP: 1/1
   493 | D:2      | Reached XP level 3. HP: 27/33 MP: 2/2
   619 | D:2      | Noticed Sigmund
   625 | D:2      | Killed Sigmund
   625 | D:2      | Reached XP level 4. HP: 33/41 MP: 3/3
   625 | D:2      | Reached XP level 5. HP: 37/47 MP: 4/4
   632 | D:2      | Found a stormy altar of Qazlal.
  1233 | D:3      | Reached skill level 5 in Armour
  1247 | D:3      | Reached XP level 6. HP: 40/55 MP: 5/5
  1356 | D:3      | Found a faded altar of an unknown god.
  1375 | D:3      | Noticed MetaCosm's ghost (amateur DEFE)
  1381 | D:3      | Killed MetaCosm's ghost
  1381 | D:3      | Reached skill level 5 in Fighting
  2079 | D:4      | Found a bloodstained altar of Trog.
  2091 | D:4      | Noticed Edmund
  2104 | D:4      | Noticed a wyvern
  2113 | D:4      | Killed a wyvern
  2113 | D:4      | Reached XP level 7. HP: 44/61 MP: 6/6
  2123 | D:4      | Killed Edmund
  2123 | D:4      | Reached skill level 5 in Axes
  2123 | D:4      | Reached skill level 5 in Dodging
  2509 | D:4      | Found a shattered altar of Ashenzari.
  2514 | D:4      | Found an iron altar of Okawaru.
  2588 | D:4      | Found a glowing golden altar of the Shining One.
  2671 | D:4      | Became a worshipper of Warmaster Okawaru
  2749 | D:4      | Found the +10 morningstar "Eos" {elec, Halo rElec}
  2758 | D:4      | Found a runed door.
  2762 | D:4      | Noticed Crazy Yiuf
  2764 | D:4      | Killed Crazy Yiuf
  2853 | D:5      | Entered Level 5 of the Dungeon
  2877 | D:5      | Noticed nramsey34's ghost (novice OpEn)
  2880 | D:5      | Killed nramsey34's ghost
  2880 | D:5      | Reached * piety under Okawaru
  2880 | D:5      | Reached XP level 8. HP: 70/71 MP: 7/7
  2886 | D:5      | Found a snail-covered altar of Cheibriados.
  2980 | D:5      | Noticed Grinder
  2984 | D:5      | Killed Grinder
  3045 | D:5      | Identified Isus Xes's Beginning Course on Thaumaturgy
  3049 | D:5      | Learned a level 1 spell: Infusion
  3404 | D:5      | Reached ** piety under Okawaru
  3404 | D:5      | Reached XP level 9. HP: 68/79 MP: 8/8
  3698 | D:6      | Found a hazy altar of Hepliaklqana.
  3850 | D:6      | Reached skill level 5 in Maces & Flails
  4059 | D:6      | Found a staircase to the Ecumenical Temple.
  4121 | D:6      | Found a shadowy altar of Dithmenos.
  4121 | D:6      | Found a sparkling altar of Nemelex Xobeh.
  4572 | D:7      | Reached *** piety under Okawaru
  4984 | D:7      | Reached XP level 10. HP: 76/89 MP: 9/9
  4987 | D:7      | Reached **** piety under Okawaru
  5697 | D:8      | Reached skill level 10 in Dodging
  5804 | D:8      | Reached skill level 1 in Invocations
  5814 | D:8      | Noticed an eight-headed hydra
  5821 | D:8      | Killed an eight-headed hydra
  5821 | D:8      | Reached ***** piety under Okawaru
  5821 | D:8      | Received a gift from Okawaru
  5823 | D:8      | Noticed a two-headed ogre
  5825 | D:8      | Found a runed door.
  5831 | D:8      | Killed a two-headed ogre
  6046 | D:8      | Found a basalt altar of Yredelemnul.
  6196 | D:8      | Found a staircase to the Lair.
  6320 | Lair:1   | Entered Level 1 of the Lair of Beasts
  6320 | Lair:1   | Noticed a six-headed hydra
  6327 | Lair:1   | Killed a six-headed hydra
  6327 | Lair:1   | Reached XP level 11. HP: 57/97 MP: 11/11
  7008 | Lair:1   | Reached skill level 10 in Maces & Flails
  7859 | Lair:2   | Noticed an oklob plant
  7892 | Lair:2   | Found a staircase to the Snake Pit.
  7933 | Lair:2   | Received a gift from Okawaru
  7944 | Lair:1   | Reached skill level 10 in Armour
  7948 | Lair:1   | Reached skill level 10 in Fighting
  8138 | Lair:1   | Reached skill level 1 in Charms
  8141 | Lair:1   | Reached skill level 1 in Spellcasting
  8381 | Lair:2   | Got a warped hat {god gift}
  8392 | Lair:2   | Identified the +1 hat "Tyfecoll" {rPois rF++ rCorr MP-9} (Okawaru gifted it to you on level 2 of the Lair of Beasts)
  8429 | Lair:2   | Noticed a five-headed hydra
  8435 | Lair:2   | Killed a five-headed hydra
  8606 | Lair:2   | Reached XP level 12. HP: 107/107 MP: 5/14
  8644 | Lair:2   | Noticed a five-headed hydra
  8650 | Lair:2   | Killed a five-headed hydra
  9270 | Lair:3   | Reached skill level 5 in Invocations
  9431 | Lair:3   | Noticed Sonja
  9435 | Lair:3   | Received a gift from Okawaru
  9441 | Lair:3   | Killed Sonja
  9805 | Lair:3   | Found a staircase to the Swamp.
  9923 | Lair:3   | Noticed a seven-headed hydra
  9930 | Lair:3   | Killed a seven-headed hydra
 10360 | Lair:4   | Noticed a six-headed hydra
 10367 | Lair:4   | Killed a six-headed hydra
 10516 | Lair:4   | Reached ****** piety under Okawaru
 11251 | Lair:5   | Noticed a death yak
 11252 | Lair:5   | Noticed a death yak
 11254 | Lair:5   | Noticed a death yak
 11276 | Lair:4   | Killed a death yak
 11281 | Lair:4   | Killed a death yak
 11281 | Lair:4   | Received a gift from Okawaru
 11282 | Lair:4   | Found the +1 cloak of Starlight {rElec rC+ EV+4 Stlth--}
 11569 | Lair:5   | Killed a death yak
 11604 | Lair:5   | Reached XP level 13. HP: 89/116 MP: 4/16
 11759 | Lair:5   | Found a dark tunnel.
 11767 | Volcano  | Entered a volcano
 12964 | Lair:6   | Entered Level 6 of the Lair of Beasts
 12965 | Lair:6   | Noticed terra52's ghost (journeyman DgSk)
 13123 | Lair:5   | Received a gift from Okawaru
 13475 | Lair:6   | Killed terra52's ghost
 13506 | Lair:5   | Received a gift from Okawaru
 13507 | Lair:5   | Found the +2 pair of boots of the Assassin {Detection Stab+ Stlth++}
 13512 | Lair:5   | Slain by a tyrant leech

Skill      XL: |  1  2  3  4  5  6  7  8  9 10 11 12 13 |
---------------+----------------------------------------+-----
Shields        | 4 |  4.2
Armour         | 4 5 6 7 8 9 10 11 12 | 12.0
Axes           | 3 4 5 |  5.3
Fighting       | 4 5 6 7 8 9 10 11 12 | 12.1
Dodging        | 2 3 4 6 7 9 10 11 12 | 12.9
Maces & Flails | 2 3 7 9 10 11 12 | 12.3
Invocations    | 2 4 6 7 |  7.2
Charms         | 1 3 4 |  4.2
Spellcasting   | 1 3 4 |  4.1

Action                   |  1- 3 |  4- 6 |  7- 9 | 10-12 | 13-15 || total
-------------------------+-------+-------+-------+-------+-------++-------
Melee: War axe           |    42 |   140 |    28 |       |       ||   210
       Headbutt          |     6 |    28 |    27 |    71 |    47 ||   179
       Flail             |       |       |    16 |       |       ||    16
       Morningstar       |       |       |   119 |   376 |   210 ||   705
 Cast: Infusion          |       |       |       |       |     1 ||     1
Invok: Finesse           |       |       |       |     2 |     2 ||     4
  Use: Scroll            |     3 |     7 |     3 |     7 |     5 ||    25
       Potion            |     2 |     6 |     1 |     2 |       ||    11
  Eat: Chunk             |       |     4 |     9 |    19 |     5 ||    37
       Ration            |       |       |       |     1 |       ||     1
Armor: Scale mail        |    16 |     4 |       |       |       ||    20
       Chain mail        |       |    83 |    78 |   142 |    70 ||   373
Dodge: Dodged            |    12 |    58 |    84 |   221 |   168 ||   543
Block: Shield            |    13 |       |       |       |       ||    13
       Buckler           |     2 |    40 |    40 |   119 |    97 ||   298
